 Dungeon Crawl Stone Soup version 0.27.1-33-g824d729ab1 (webtiles) character file.

Game seed: 3062047639008988546

370 Tirrikindir the Slasher (level 6, 0/43 HPs)
             Began as an Octopode Fighter on Dec 22, 2021.
             Slain by a gnoll (7 damage)
             ... on level 3 of the Dungeon.
             The game lasted 00:09:39 (4778 turns).

Tirrikindir the Slasher (Octopode Fighter)          Turns: 4778, Time: 00:09:40

Health: 0/43       AC:  1    Str: 15    XL:     6   Next: 70%
Magic:  0/15       EV: 12    Int: 11    God:
Gold:   166        SH:  9    Dex: 13    Spells: 5/5 levels left

rFire    . . .     SeeInvis +   a - +0 long sword
rCold    . . .     Faith    .   b - +0 kite shield
rNeg     . . .     Spirit   +   (helmet restricted)
rPois    +         Reflect  .   t - amulet of guardian spirit
rElec    .         Harm     .   f - ring of see invisible
rCorr    .         Rampage  .   c - ring of magical power
Will     .....                  n - ring of poison resistance
Stlth    +++.......             (no ring)
HPRegen  0.14/turn              (no ring)
MPRegen  0.14/turn              (no ring)
                                (no ring)
                                (no ring)

@: no status effects
A: almost no armour, amphibious, 8 rings, camouflage 1, gelatinous body 1,
(nimble swimmer 1), tentacles
a: no special abilities


You were on level 3 of the Dungeon.
You visited 1 branch of the dungeon, and saw 4 of its levels.

You collected 166 gold pieces.

Inventory:

Hand Weapons
 a - a +0 long sword (weapon)
 h - a +1 short sword of venom
Missiles
 l - 2 poisoned darts (quivered)
Armour
 b - a +0 kite shield (worn)
Jewellery
 c - a ring of magical power (right tentacle)
 f - a ring of see invisible (left tentacle)
 n - a ring of poison resistance (on tentacle)
 t - an amulet of guardian spirit (around mantle)
Wands
 i - a wand of mindburst (13)
 j - a wand of iceblast (5)
Scrolls
 d - 3 scrolls of torment
 p - 2 scrolls of silence
 q - a scroll of enchant armour {unknown}
 u - a scroll of teleportation {unknown}
Potions
 e - a potion of lignification {unknown}
 g - a potion of brilliance
 k - 2 potions of heal wounds
 m - 2 potions of attraction {unknown}
 o - a potion of berserk rage
 r - 2 potions of curing
 s - a potion of resistance {unknown}


   Skills:
 - Level 4.0 Fighting
 * Level 4.2 Long Blades
 - Level 4.0 Dodging
 + Level 3.4 Stealth
 + Level 3.9 Shields
 + Level 1.1 Evocations


You had 5 spell levels left.
You didn't know any spells.
Your spell library was empty.

Dungeon Overview and Level Annotations

Branches:
Dungeon (4/15)
 Temple: D:4-7

Altars:

Shops:
D:1 =


Innate Abilities, Weirdness & Mutations

You cannot wear most types of armour.
You are amphibious.
You can wear up to eight rings at the same time.
Your skin changes colour to match your surroundings (Stealth+).
Your rubbery body absorbs attacks. (AC +1, EV +1)
((You are camouflaged near water. (Stealth+)))
You have tentacles for arms and can constrict up to eight enemies at once.


Message History

The gnoll shaman hits you with a +0 whip.
A gnoll comes into view. It is wielding a +0 flail.
The gnoll hits you from afar with a +0 spear!
You hit the gnoll shaman. You squeeze the gnoll shaman.
You kill the gnoll shaman!
The gnoll completely misses you.
Your Evocations skill increases to level 1!
You hit the ufetubus. You grab the ufetubus. You squeeze the ufetubus.
The ufetubus is moderately wounded.
You constrict the ufetubus. You block the ufetubus's attack.
The ufetubus hits you. You block the gnoll's attack.
You block the ufetubus's attack. The ufetubus misses you.
You hit the ufetubus.
You kill the ufetubus!
You block the gnoll's attack. x2
You slash the gnoll! You grab the gnoll.
The gnoll is heavily wounded.
You constrict the gnoll. The gnoll completely misses you.
You riposte.
You hit the gnoll but do no damage.
The gnoll is severely wounded.
The gnoll hits you but does no damage. The gnoll barely misses you.
You slash the gnoll!
You kill the gnoll!
The gnoll hits you from afar with a +0 spear!
You hit the gnoll. Your grab misses the gnoll.
The gnoll is moderately wounded.
The gnoll barely misses you. The gnoll hits you with a +0 flail!
The gnoll hits you from afar with a +0 spear.
* * * LOW HITPOINT WARNING * * *
The gnoll misses you.
You riposte.
You hit the gnoll. Your grab misses the gnoll. Your squeeze misses the gnoll.
The gnoll is heavily wounded.
The gnoll hits you from afar with a +0 spear.
* * * LOW HITPOINT WARNING * * *
A mysterious force pulls you upwards. The hatch slams shut behind you.
You closely miss the gnoll. Your grab misses the gnoll.
You squeeze the gnoll, but do no damage.
The gnoll is heavily wounded.
You block the gnoll's attack. The gnoll hits you with a +0 flail!
You die...

..#.#)#..###.#....##########.#.#.
....)......#.#........# #.#.#.
########.#.#.#....###.# #.#.#.
###.###.#....# #.# #.#.#.
#.......#..[## #.# #.#>#.
#.#.#######.# #.######.#.#. #.#.#
#.# #........#.#. #.#.#
#.#############.## #.#.#
#@g.....(.........
######.#.#####################.##
†......#.......................#
########...###.#####.############
..#.........##....#.....#........
.......##..##..##.#...#.#..#...##
.##...##..##..##..#.#.#....#.#...
.##..##..##..##.....#.#.|#.†.#..#
....##...†..##......#...†#.......


You could see a gnoll.

Vanquished Creatures
  A gnoll shaman (D:4)
  A jelly (D:3)
  Crazy Yiuf (D:2)
  An orc wizard (D:3)
  8 gnolls
  8 adders
  An ufetubus (D:4)
  4 worms
  An adder skeleton (D:3)
  5 orcs (D:3)
  7 endoplasms
  4 giant cockroaches
  11 goblins
  4 hobgoblins
  8 jackals
  2 quokkas
  11 ball pythons
  A ball python zombie (D:3)
  3 bats
  4 frilled lizards
  6 kobolds
  7 rats
99 creatures vanquished.

Vanquished Creatures (others)
  7 fungi (D:3)
  4 plants (D:3)
11 creatures vanquished.

Grand Total: 110 creatures vanquished

Notes
Turn   | Place    | Note
-------+----------+-------------------------------------------
     0 | D:1      | Tirrikindir the Octopode Fighter began the quest for the
                  | Orb.
     0 | D:1      | Reached XP level 1. HP: 16/16 MP: 1/1
   289 | D:1      | Reached XP level 2. HP: 11/21 MP: 2/2
   899 | D:1      | Found Vukayrha's Jewellery Emporium.
  1103 | D:1      | Reached skill level 1 in Stealth
  1103 | D:1      | Reached XP level 3. HP: 26/26 MP: 3/3
  1793 | D:2      | Reached XP level 4. HP: 31/31 MP: 4/4
  2419 | D:2      | Reached XP level 5. HP: 36/36 MP: 5/5
  2711 | D:2      | Found a runed translucent door.
  2712 | D:2      | Noticed Crazy Yiuf
  2717 | D:2      | Killed Crazy Yiuf
  3527 | D:3      | Reached XP level 6. HP: 33/43 MP: 6/6
  4424 | D:3      | Found a faded altar of an unknown god.
  4771 | D:4      | Reached skill level 1 in Evocations
  4778 | D:3      | Slain by a gnoll

Illustrated notes

Levels and vault maps discovered:
D:1:      dpeg_arrival_round_a, layout_basic, serial_shops,
          nicolae_shop_behind_doors, chequers_serial_rivers_room_b, st_stairs_7
D:2:      kennysheep_the_goblin_king, layout_basic, uniq_crazy_yiuf_cottage
D:3:      minmay_thinvault, layout_basic, serial_co_window_serial,
          co_window_corner_a, co_window_of_opportunity_a, co_window_paths_a,
          co_window_paths_b, co_window_corner_a, co_window_corner_ca,
          co_window_broadway_b, co_window_of_opportunity_b, co_window_4corner_b,
          glass_columns_a, glass_columns_a, glass_columns_b, glass_columns_a,
          glass_columns_a, dreamdust_ecumenical_altar_hidden_monk_grotto
D:4:      layout_basic

Skill      XL: |  1  2  3  4  5  6 |
---------------+-------------------+-----
Stealth        | 1 2 3 |  3.4
Long Blades    | 3 4 |  4.2
Dodging        | 4 |  4.0
Fighting       | 4 |  4.0
Evocations     | 1 |  1.1
Shields        | |  3.9

Action                   |  1- 3 |  4- 6 || total
-------------------------+-------+-------++-------
Melee: Long sword        |    54 |   122 ||   176
       Constrict         |    14 |    46 ||    60
       Tentacles         |     6 |    34 ||    40
Throw: Throwing net      |       |     1 ||     1
       Dart              |       |     1 ||     1
  Use: Scroll            |     3 |     5 ||     8
       Potion            |     1 |     4 ||     5
 Stab: Sleeping          |    13 |     8 ||    21
       Distracted        |     1 |       ||     1
Armor: Skin              |     6 |     8 ||    14
Dodge: Dodged            |    23 |    50 ||    73
Block: Kite shield       |    16 |    53 ||    69
       Rpst.: Long sword |     9 |    15 ||    24
